 Dungeon Crawl Stone Soup version 0.27-a0-29-g2d0a2396b0 (webtiles) character file.

Game seed: 3700841235781249705

267 lessens the Ruffian (level 6, -8/47 HPs)
             Began as a Mummy Monk on Jan 3, 2021.
             Mangled by Crazy Yiuf
             ... wielding a +3 quarterstaff of chaos
              (15 damage)
             ... on level 3 of the Dungeon on Jan 6, 2021.
             The game lasted 00:08:35 (5951 turns).

lessens the Ruffian (Mummy Monk)                    Turns: 5951, Time: 00:08:36

Health: -8/47      AC:  5    Str: 17    XL:     6   Next: 0%
Magic:  6/6        EV: 11    Int:  9    God:
Gold:   222        SH:  0    Dex: 14    Spells: 5/5 levels left

rFire    x . .     SeeInvis .     - Unarmed
rCold    + . .     Faith    .   (no shield)
rNeg     + + +     Spirit   .   e - +0 ring mail
rPois    ∞         Reflect  .   (no helmet)
rElec    .         Harm     .   (no cloak)
rCorr    .         Rampage  .   (no gloves)
Will     .....                  (no boots)
Stlth    +.........             (no amulet)
HPRegen  0.15/turn              (no ring)
MPRegen  0.10/turn              (no ring)

@: no status effects
A: no potions, fire vulnerability, cold resistance 1, negative energy resistance
3, torment resistance, unbreathing
a: no special abilities


You were on level 3 of the Dungeon.
You visited 1 branch of the dungeon, and saw 4 of its levels.

You collected 222 gold pieces.

Inventory:

Missiles
 b - 62 stones
 j - 17 poisoned darts (quivered)
Armour
 a - a +0 robe
 e - a +0 ring mail (worn)
 i - a cursed +0 pair of boots
 m - a +0 pair of gloves
Scrolls
 c - a scroll of blinking {unknown}
 d - a scroll of random uselessness {unknown}
 f - a scroll of identify {unknown}
 g - 2 scrolls of remove curse
 h - a scroll of teleportation
 k - a scroll of fog {unknown}
 l - a scroll of enchant armour {unknown}
 n - 2 scrolls of enchant weapon


   Skills:
 - Level 3.0 Fighting
 - Level 2.4 Dodging
 - Level 1.5 Stealth
 + Level 5.6 Unarmed Combat


You had 5 spell levels left.
You didn't know any spells.
Your spell library was empty.

Dungeon Overview and Level Annotations

Branches:
Dungeon (4/15)
 Temple: D:4-7

Altars:
Makhleb
Vehumet

Annotations:
D:2 Sigmund
D:3 1 runed translucent door, Crazy Yiuf; Grinder; Shard1697's ghost, amateur DsFi


Innate Abilities, Weirdness & Mutations

You do not drink.
Your flesh is vulnerable to fire.
You are immune to poison.
Your flesh is cold resistant. (rC+)
You are immune to negative energy. (rN+++)
You are immune to unholy pain and torment.
You can survive without breathing.


Message History

You barely miss Crazy Yiuf.
Crazy Yiuf is lightly wounded.
Crazy Yiuf yells, "Castle!
Pitchfork unthinkable pontify."
Crazy Yiuf hits you with a +3 quarterstaff of chaos!
You are electrocuted!
Unknown command.
Unknown command.
You hit Crazy Yiuf.
Crazy Yiuf is moderately wounded.
Crazy Yiuf hits you with a +3 quarterstaff of chaos!
* * * LOW HITPOINT WARNING * * *
You hit Crazy Yiuf.
Crazy Yiuf is heavily wounded.
You closely miss Crazy Yiuf.
Crazy Yiuf is heavily wounded.
Crazy Yiuf closely misses you.
You punch Crazy Yiuf! You punch Crazy Yiuf, but do no damage.
Crazy Yiuf is almost dead.
Crazy Yiuf hits you with a +3 quarterstaff of chaos!
You die...

#.# #########.##
#..#........ #####
##.#.#.#.... #)..#
#.#.#.....) #...#
##.#.#.#.... ...
#.........#! #g#
##.#....)... ♣@♣♣
##.###.##>#. ♣♣.♣
#..# #...).. ♣.♣♣
#### ####.## ♣♣.♣
#.## ♣♣.♣♣ #...
♣♣.P.♣ #.## ♣..PP♣
#.# #+..'# #.##
#....###########...


You could see Crazy Yiuf.

Vanquished Creatures
  Blork the orc (D:4)
  A crimson imp (D:4)
  A centaur skeleton (D:4)
  Terence (D:2)
  A worker ant (D:4)
  2 adders
  2 worms (D:2)
  2 dart slugs
  A leopard gecko (D:1)
  5 orcs
  3 giant cockroaches
  4 goblins
  9 hobgoblins
  2 jackals (D:2)
  3 quokkas
  6 bats
  6 frilled lizards
  8 kobolds
  7 rats
65 creatures vanquished.

Notes
Turn   | Place    | Note
-------+----------+-------------------------------------------
     0 | D:1      | lessens the Mummy Monk began the quest for the Orb.
     0 | D:1      | Reached XP level 1. HP: 18/18 MP: 1/1
   539 | D:1      | Reached XP level 2. HP: 9/24 MP: 2/2
   885 | D:1      | Reached skill level 3 in Unarmed Combat
  1652 | D:2      | Reached XP level 3. HP: 13/29 MP: 3/3
  2023 | D:2      | Noticed Terence
  2044 | D:2      | Killed Terence
  2087 | D:2      | Reached skill level 4 in Unarmed Combat
  2248 | D:2      | Noticed Sigmund
  2897 | D:3      | Reached XP level 4. HP: 35/35 MP: 4/4
  2938 | D:3      | Found a runed translucent door.
  2939 | D:3      | Noticed Shard1697's ghost (amateur DsFi)
  3234 | D:3      | Found a runed translucent door.
  3235 | D:3      | Noticed Crazy Yiuf
  3316 | D:3      | Noticed Grinder
  4207 | D:4      | Noticed Blork the orc
  4225 | D:4      | Killed Blork the orc
  4226 | D:4      | Reached XP level 5. HP: 19/41 MP: 5/5
  4412 | D:4      | Reached skill level 5 in Unarmed Combat
  4853 | D:3      | Paralysed by Grinder for 6 turns
  4861 | D:4      | Noticed an ogre
  4861 | D:4      | Noticed an ogre
  4881 | D:3      | HP: 1/41 [worker ant (2)]
  5377 | D:4      | Found a radiant altar of Vehumet.
  5378 | D:4      | Found a burning altar of Makhleb.
  5715 | D:3      | Reached XP level 6. HP: 15/47 MP: 6/6
  5951 | D:3      | Mangled by Crazy Yiuf

Illustrated notes

Levels and vault maps discovered:
D:1:      dpeg_arrival_snail, layout_loops_ring
D:2:      layout_basic, uniq_sigmund, uniq_terence
D:3:      layout_loops_corners, minitemple, ebering_ghost_reflecting_pool,
          uniq_grinder, uniq_crazy_yiuf_cottage
D:4:      layout_gridville, grunt_temple_overflow_lords_of_destruction,
          cheibriados_altar_1, uniq_blork_the_orc

Skill      XL: |  1  2  3  4  5 |
---------------+----------------+-----
Unarmed Combat | 3 4 5 |  5.6
Fighting       | |  3.0
Dodging        | |  2.4
Stealth        | |  1.5

Action                   |  1- 3 |  4- 6 || total
-------------------------+-------+-------++-------
Melee: Unarmed           |   144 |   156 ||   300
       Punch             |     3 |     5 ||     8
Throw: Stone             |     1 |       ||     1
       Dart              |       |     9 ||     9
  Use: Scroll            |       |     3 ||     3
 Stab: Sleeping          |     1 |     2 ||     3
Armor: Robe              |    17 |       ||    17
       Ring mail         |     7 |    35 ||    42
Dodge: Dodged            |    79 |    83 ||   162

Table legend: (Time is in decaauts)
 A = Elapsed time spent in this place.
 B = Non-inter-level travel time spent in this place.
 C = Inter-level travel time spent in this place.
 D = Time resting spent in this place.
 E = Time spent auto-exploring this place.
 F = Levels seen in this place.
 G = Mean time per level.
                   A        B        C        D        E       F      G
               +--------+--------+--------+--------+--------+-----+--------+
         Total |   5935 |   5598 |    337 |   2369 |   2234 |   4 | 1483.8 |
       Dungeon |   5935 |   5598 |    337 |   2369 |   2234 |   4 | 1483.8 |
               +--------+--------+--------+--------+--------+-----+--------+

Top non-repeatable levels by time:
     D:1: 1784 daAuts
     D:3: 1759 daAuts
     D:2: 1435 daAuts
     D:4: 955 daAuts
